 Dungeon Crawl Stone Soup version 0.30-a0-381-g6ea064c7b4 (webtiles) character file.

Game seed: 13962529844104410220

728 Raultor the Changer (level 7, -1/43 HPs)
             Began as an Octopode Transmuter on Dec 1, 2022.
             Was an Initiate of the Shining One.
             Slain by Ijyb
             ... wielding a +0 club
              (5 damage)
             ... on level 4 of the Dungeon.
             The game lasted 00:13:10 (3802 turns).

Raultor the Changer (Octopode Transmuter)           Turns: 3802, Time: 00:13:10

Health: -1/43      AC:  1    Str:  9    XL:     7   Next: 72%
Magic:  19/19      EV: 13    Int: 17    God:    the Shining One [......]
Gold:   398        SH:  0    Dex: 13    Spells: 3/10 levels left

rFire   . . .      SeeInvis .      - Unarmed
rCold   . . .      Faith    .    (no shield)
rNeg    . . .      Spirit   .    (helmet restricted)
rPois   .          Reflect  .    (no amulet)
rElec   .          Harm     .    R - ring of resist corrosion
rCorr   +          Rampage  .    M - ring of magical power
Will    .....                    (no ring)
Stlth   +.........               (no ring)
HPRegen 0.27/turn                (no ring)
MPRegen 0.16/turn                (no ring)
                                 (no ring)
                                 (no ring)

@: glowing
A: almost no armour, amphibious, 8 rings, camouflage 1, gelatinous body 1,
(nimble swimmer 1), tentacles
a: Renounce Religion


You were on level 4 of the Dungeon.
You worshipped the Shining One.
The Shining One was noncommittal.
You visited 1 branch of the dungeon, and saw 5 of its levels.
You also visited: Sewer.

You collected 398 gold pieces.


Innate Abilities, Weirdness & Mutations

You cannot wear most types of armour.
You are amphibious.
You can wear up to eight rings at the same time.
Your skin changes colour to match your surroundings (Stealth+).
Your rubbery body absorbs attacks. (AC +1, EV +1)
((You are camouflaged when in or above water. (Stealth+)))
You have tentacles for arms and can constrict up to eight enemies at once.


   Skills:
 - Level 1.0 Fighting
 - Level 2.0 Dodging
 + Level 4.7 Unarmed Combat
 - Level 2.0 Spellcasting
 * Level 5.6 Transmutations
 * Level 3.9 Ice Magic
 - Level 2.8 Invocations


You had 3 spell levels left.
You knew the following spells:

 Your Spells              Type           Power      Damage    Failure   Level
b - Beastly Appendage     Tmut           40%        N/A       1%          1
c - Ice Form              Ice/Tmut       17%        N/A       26%         4
w - Wereblood             Tmut           20%        N/A       3%          2

Your spell library contained the following spells:

 Spells                   Type           Power      Damage    Failure   Level
 Spider Form              Tmut/Pois      11%        N/A       19%         3
 Inner Flame              Hex/Fire       1%         N/A       50%         3
 Tukima's Dance           Hex            1%         N/A       50%         3
 Yara's Violent Unravell  Hex/Tmut       5%         3d4       86%         5
 Flame Wave               Conj/Fire      1%         2d4       88%         4
 Passage of Golubria      Tloc           1%         N/A       88%         4
 Sticky Flame             Conj/Fire      1%         2d3       88%         4

Inventory:

Jewellery
 M - a ring of magical power (right tentacle)
 R - a ring of resist corrosion (left tentacle)
Scrolls
 b - 2 scrolls of teleportation {unknown}
 c - a scroll of silence {unknown}
 e - 3 scrolls of enchant weapon {unknown}
 g - 9 scrolls of identify {unknown}
 h - a scroll of torment {unknown}
 i - 3 scrolls of poison {unknown}
 l - 2 scrolls of blinking {unknown}
 m - a scroll of brand weapon {unknown}
 n - a scroll of vulnerability {unknown}
Potions
 a - 3 potions of lignification
 d - 4 potions of curing {unknown}
 f - 2 potions of degeneration {unknown}
 j - a potion of attraction {unknown}
 k - 3 potions of haste {@q3}
 o - a potion of resistance {unknown}
 p - 2 potions of flight {unknown}
 q - a potion of magic {unknown}
 r - 2 potions of invisibility {unknown}
 s - a potion of mutation {unknown}

Dungeon Overview and Level Annotations

Branches:
Dungeon (5/15)              Sewer (visited)
 Temple: D:4-7

Altars:
Sif Muna
Uskayaw
Yredelemnul
The Shining One

Shops:
D:4 *

Annotations:
D:4 Ijyb

..#####............##
#..#
.......(.....>......#
##.##
#######.............#
#..# ##
##............## #..#
.## #..(.........##
##.## ..##
#..........### #..#
...# #...(.....##
##..# ...#
##...####..## ###..##
...# ##### ##.@###
##.#..## ## ...#
##g..###......####.
...#
###...............
...#
##........###.....
...#
#...####..######..
#### ##..## #...# ##.
##..## ##..### #.
#...# #....####.
##..## ###......###


You could see Ijyb.


Message History

You constrict Ijyb. Ijyb hits you with a +0 club.
* * * LOW HITPOINT WARNING * * *
You tentacle-slap Ijyb.
Ijyb is heavily wounded.
You constrict Ijyb, but do no damage. Ijyb closely misses you.
You tentacle-slap Ijyb but do no damage.
Ijyb is heavily wounded.
You constrict Ijyb, but do no damage. Ijyb hits you with a +0 club.
* * * LOW HITPOINT WARNING * * *
You tentacle-slap Ijyb but do no damage.
Ijyb is heavily wounded.
You constrict Ijyb, but do no damage. Ijyb hits you with a +0 club.
* * * LOW HITPOINT WARNING * * *
You tentacle-slap Ijyb.
Ijyb is severely wounded.
You constrict Ijyb, but do no damage. Ijyb closely misses you.
Unknown command.
You tentacle-slap Ijyb but do no damage.
Ijyb is severely wounded.
You constrict Ijyb, but do no damage. Ijyb closely misses you.
You tentacle-slap Ijyb but do no damage.
Ijyb is severely wounded.
You constrict Ijyb.
You tentacle-slap Ijyb but do no damage.
Ijyb is almost dead.
You constrict Ijyb, but do no damage. Ijyb barely misses you.
You tentacle-slap Ijyb but do no damage.
Ijyb is almost dead.
You constrict Ijyb. Ijyb hits you with a +0 club.
You die...

Skill      XL: |  1  2  3  4  5  6  7 |
---------------+----------------------+-----
Transmutations | 3 4 5 |  5.6
Unarmed Combat | 4 |  4.7
Ice Magic      | 2 3 |  3.9
Invocations    | 1 2 |  2.8
Fighting       | |  1.0
Dodging        | |  2.0
Spellcasting   | |  2.0

Action                   |  1- 3 |  4- 6 |  7- 9 || total
-------------------------+-------+-------+-------++-------
Melee: Unarmed           |    65 |   124 |    56 ||   245
       Constrict         |    14 |    32 |    13 ||    59
       Tentacles         |     9 |    31 |    12 ||    52
       Kick              |     6 |    23 |    18 ||    47
       Punch             |     1 |     3 |     1 ||     5
 Cast: Beastly Appendage |     5 |    10 |     6 ||    21
       Wereblood         |     1 |     1 |     4 ||     6
       Ice Form          |       |       |     2 ||     2
 Stab: Sleeping          |     2 |     2 |       ||     4
Armor: Skin              |     5 |     6 |     5 ||    16
Dodge: Dodged            |    36 |    68 |    38 ||   142

Levels and vault maps discovered:
D:1:      roderic_dead_forest, layout_basic, hellmonk_ecumenical_altar_blasted
D:2:      layout_loops_ring, basic_altar
D:3:      layout_loops_ring, overflow_temple_1_default, jmf_multi_god_temple
D:4:      layout_cave_pods, lightli_sewer_entry_pipes, nicolae_shop_clearance,
          uniq_blork_the_orc
D:5:      layout_rooms, uniq_ijyb, uniq_pikel

Notes
Turn   | Place    | Note
-------+----------+-------------------------------------------
     0 | D:1      | Raultor the Octopode Transmuter began the quest for the
                  | Orb.
     0 | D:1      | Reached XP level 1. HP: 13/13 MP: 3/3
    35 | D:1      | Found a faded altar of an unknown god.
   250 | D:1      | Reached XP level 2. HP: 14/18 MP: 5/5
   293 | D:1      | Learned a level 2 spell: Wereblood
   707 | D:2      | Reached skill level 3 in Transmutations
   707 | D:2      | Reached XP level 3. HP: 13/23 MP: 2/6
   736 | D:2      | HP: 2/23 [poisoned by an adder]
   982 | D:2      | Found a basalt altar of Yredelemnul.
  1117 | D:2      | Reached XP level 4. HP: 20/28 MP: 7/7
  1468 | D:3      | Found a glowing golden altar of the Shining One.
  1469 | D:3      | Found a hide-covered altar of Uskayaw.
  1479 | D:3      | Became a worshipper of the Shining One
  1583 | D:3      | Found a shimmering blue altar of Sif Muna.
  1734 | D:3      | Learned a level 4 spell: Ice Form
  1848 | D:3      | Reached skill level 4 in Transmutations
  1966 | D:3      | Reached XP level 5. HP: 33/33 MP: 8/8
  2312 | D:4      | Found Morutoen's CLEARANCE SALE!.
  2339 | D:4      | Reached skill level 4 in Unarmed Combat
  2339 | D:4      | Reached skill level 1 in Ice Magic
  2339 | D:4      | Reached skill level 1 in Invocations
  2401 | D:4      | Noticed Blork the orc
  2414 | D:4      | Killed Blork the orc
  2415 | D:4      | Reached skill level 2 in Ice Magic
  2415 | D:4      | Reached XP level 6. HP: 17/38 MP: 9/9
  2502 | D:4      | Reached skill level 2 in Invocations
  2727 | D:4      | Reached skill level 5 in Transmutations
  2727 | D:4      | Reached XP level 7. HP: 25/43 MP: 10/10
  2787 | D:4      | Reached skill level 3 in Ice Magic
  2851 | D:4      | Found a glowing drain.
  2872 | Sewer    | Entered a sewer
  3554 | D:5      | Entered Level 5 of the Dungeon
  3753 | D:5      | Noticed Ijyb
  3797 | D:4      | HP: 3/43 [Ijyb/+0 club (5)]
  3802 | D:4      | Slain by Ijyb

Vanquished Creatures
  A water moccasin (Sewer)
  Blork the orc (D:4)
  A scorpion (D:4)
  A necrophage (D:4)
  4 hounds
  2 jellies
  An iguana (D:5)
  3 river rats (D:4)
  12 adders
  6 worms
  3 dart slugs
  3 orcs
  4 endoplasms
  3 giant cockroaches
  3 goblins
  7 hobgoblins
  14 jackals
  5 kobolds
  A quokka (D:3)
  7 ball pythons
  6 bats
  A frilled lizard (D:1)
  5 rats
94 creatures vanquished.

Table legend: (Time is in decaauts)
 A = Elapsed time spent in this place.
 B = Non-inter-level travel time spent in this place.
 C = Inter-level travel time spent in this place.
 D = Time resting spent in this place.
 E = Time spent auto-exploring this place.
 F = Levels seen in this place.
 G = Mean time per level.
                   A        B        C        D        E       F      G
               +--------+--------+--------+--------+--------+-----+--------+
         Total |   3783 |   3727 |     56 |    133 |   2507 |   6 |  630.5 |
       Dungeon |   3593 |   3537 |     56 |    133 |   2358 |   5 |  718.6 |
         Sewer |    189 |    189 |      0 |      0 |    149 |   1 |  189.0 |
               +--------+--------+--------+--------+--------+-----+--------+

Top non-repeatable levels by time:
     D:4: 1060 daAuts
     D:3: 858 daAuts
     D:2: 772 daAuts
     D:1: 667 daAuts
     D:5: 234 daAuts
   Sewer: 189 daAuts

Table legend:
 A = Non-vault XP
 B = Vault XP
 C = Vault XP percentage of total XP
 D = Non-vault monster count
 E = Vault monster count
 F = Vault count percentage of total count
                 A         B        C        D         E       F
            +---------+---------+-------+---------+---------+-------
      Total |     684 |     357 |  34.3 |      79 |      15 |  16.0
            +---------+---------+-------+---------+---------+-------
        D:1 |      21 |       0 |   0.0 |      12 |       0 |   0.0
        D:2 |      77 |       0 |   0.0 |      22 |       0 |   0.0
        D:3 |      69 |       3 |   4.2 |      15 |       2 |  11.8
        D:4 |     398 |     203 |  33.8 |      26 |      10 |  27.8
        D:5 |     119 |       0 |   0.0 |       4 |       0 |   0.0
      Sewer |       0 |     151 | 100.0 |       0 |       3 | 100.0
            +---------+---------+-------+---------+---------+-------
